 Dungeon Crawl Stone Soup version 0.21.1-1-g345015fe64 (webtiles) character file.

488 Jannitor the Sneak (level 6, -4/49 HPs)
             Began as a Draconian Enchanter on May 6, 2018.
             Was a Believer of Elyvilon.
             Killed from afar by Nattfarinn's ghost (10 damage)
             ... with a magic dart
             ... on level 4 of the Dungeon.
             The game lasted 00:09:27 (4174 turns).

Jannitor the Sneak (Draconian Enchanter)            Turns: 4174, Time: 00:09:28

Health: -4/49      AC:  7    Str: 10    XL:     6   Next: 90%
Magic:  9/9        EV: 12    Int: 17    God:    Elyvilon [**....]
Gold:   151        SH:  0    Dex: 12    Spells: 0/9 levels left

rFire    . . .     SeeInvis .   s - +2 short sword (venom)
rCold    . . .     Gourm    .   (no shield)
rNeg     . . .     Faith    .   (armour unavailable)
rPois    .         Spirit   .   (helmet restricted)
rElec    .         Reflect  .   i - +0 cloak
rCorr    .         Harm     .   (no gloves)
MR       .....                  (no boots)
Stlth    +.........             (no amulet)
HPRegen  0.16/turn              (no ring)
MPRegen  0.11/turn              (no ring)

@: confused, lethally poisoned (-4 -> -18)
A: unfitting armour, cold-blooded, AC +6
a: Lesser Healing, Heal Other, Divine Protection, Renounce Religion


You were on level 4 of the Dungeon.
You worshipped Elyvilon.
Elyvilon was pleased with you.
You were very hungry.

You visited 1 branch of the dungeon, and saw 4 of its levels.

You collected 151 gold pieces.

Inventory:

Hand Weapons
 a - a +1 dagger
 s - a +2 short sword of venom (weapon)
Armour
 i - a +0 cloak (worn)
Jewellery
 h - an uncursed ring of fire {unknown}
 q - an uncursed ring of flight {unknown}
Wands
 o - a wand of disintegration (4)
 u - a wand of flame (44)
Scrolls
 d - 2 scrolls of identify {unknown}
 e - a scroll of remove curse {unknown}
 f - a scroll of fog {unknown}
 j - a scroll of amnesia {unknown}
 k - a scroll of teleportation {unknown}
 m - a scroll of noise {unknown}
 t - a scroll of enchant weapon {unknown}
Potions
 r - a potion of curing {unknown}
Books
 b - a book of Maledictions

   Spells                             Type                      Level
   a - Corona                         Hexes                        1
   b - Ensorcelled Hibernation        Hexes/Ice                    2
   c - Confuse                        Hexes                        3
   d - Tukima's Dance                 Hexes                        3
   e - Dazzling Spray                 Conjuration/Hexes            3
Comestibles
 c - 6 rations


   Skills:
 + Level 2.3 Fighting
 + Level 3.4 Short Blades
 - Level 1.7 Dodging
 + Level 4.3 Stealth
 - Level 2.0 Spellcasting
 + Level 4.1 Hexes
 - Level 1.3 Ice Magic
 + Level 2.8 Invocations


You couldn't memorise any spells.
You knew the following spells:

 Your Spells              Type           Power        Failure   Level  Hunger
a - Corona                Hex            ###....      3%          1    #......
b - Ensorcelled Hibernat  Hex/Ice        ##....       10%         2    ###....
c - Confuse               Hex            ###.....     11%         3    ###....
d - Tukima's Dance        Hex            ###.....     11%         3    ###....


Dungeon Overview and Level Annotations

Branches:
Dungeon (4/15)
 Temple: D:4-7

Altars:
Elyvilon
Uskayaw

Annotations:
D:4 Nattfarinn's ghost, novice GnWn


Innate Abilities, Weirdness & Mutations

Your plain brown scales are hard. (AC +6)
You cannot fit into any form of body armour.
You are cold-blooded and may be slowed by cold attacks.


Message History

You are more poisoned.
Unknown command.
* * * LOW HITPOINT WARNING * * *
You feel sick.
Unknown command.
You are healed.
You feel somewhat more hungry.
* * * LOW HITPOINT WARNING * * *
You feel sick.
Nattfarinn's ghost casts a spell at you.
The magic dart hits you!
* * * LOW HITPOINT WARNING * * *
Unknown command.
It was a potion of ambrosia.
You are confused.
You feel invigorated.
* * * LOW HITPOINT WARNING * * *
You feel sick.
Nattfarinn's ghost points at you and mumbles some strange words.
The magic dart hits you!
You die...

#....##.....$## #.
#..........# #.
####.##...)#### #.
#.#.......)#####.
##...###....##....
###....#.#).......#.
#....###.#'#.#.##...
#.##W#..:..#........
#..@.###.###.######.
>......##...#.#!..#
#.
.....#####..###..##
#. #.### #.....## #.
# #......# ##
#.###### .(


You could see Nattfarinn's ghost.

Vanquished Creatures
  An ogre (D:4)
  A howler monkey (D:4)
  5 orc wizards (D:4)
  2 worker ants (D:4)
  Robin (D:2)
  3 adders
  An ooze (D:3)
  2 worms (D:3)
  A dart slug (D:1)
  3 leopard geckos
  11 orcs
  A ball python (D:2)
  3 giant cockroaches
  18 goblins
  9 hobgoblins
  5 jackals
  9 kobolds
  3 quokkas
  11 bats
  3 frilled lizards
  A leopard gecko skeleton (D:4)
  10 rats
104 creatures vanquished.

Notes
Turn   | Place    | Note
-------+----------+-------------------------------------------
     0 | D:1      | Jannitor the Draconian Enchanter began the quest for the Orb.
     0 | D:1      | Reached XP level 1. HP: 14/14 MP: 3/3
   107 | D:1      | Reached XP level 2. HP: 11/20 MP: 5/5
   417 | D:1      | Learned a level 2 spell: Ensorcelled Hibernation
   913 | D:1      | Reached XP level 3. HP: 26/26 MP: 6/6
  1371 | D:2      | Learned a level 3 spell: Confuse
  1482 | D:2      | Found a faded altar of an unknown god.
  1498 | D:2      | Became a worshipper of Elyvilon the Healer
  1498 | D:2      | Reached * piety under Elyvilon
  1638 | D:2      | Found a white marble altar of Elyvilon.
  1638 | D:2      | Found a hide-covered altar of Uskayaw.
  1861 | D:2      | Noticed Robin
  1876 | D:2      | Killed Robin
  1876 | D:2      | Reached skill level 1 in Ice Magic
  1876 | D:2      | Reached XP level 4. HP: 27/33 MP: 7/7
  2203 | D:3      | Reached ** piety under Elyvilon
  2469 | D:3      | Reached skill level 1 in Invocations
  3111 | D:3      | Reached XP level 5. HP: 36/38 MP: 8/8
  3485 | D:4      | Reached skill level 1 in Fighting
  3697 | D:4      | Reached XP level 6. HP: 43/47 MP: 9/9
  4030 | D:4      | Learned a level 3 spell: Tukima's Dance
  4062 | D:4      | Noticed Nattfarinn's ghost (novice GnWn)
  4173 | D:4      | HP: 2/49 [Nattfarinn's ghost/magic dart (8)]
  4174 | D:4      | Killed from afar by Nattfarinn's ghost

Skill      XL: |  1  2  3  4  5  6 |
---------------+-------------------+-----
Stealth        | 3 4 |  4.3
Hexes          | 3 4 |  4.1
Short Blades   | 2 3 |  3.4
Ice Magic      | 1 |  1.3
Invocations    | 1 2 |  2.8
Fighting       | 1 2 |  2.3
Dodging        | |  1.7
Spellcasting   | |  2.0

Action                   |  1- 3 |  4- 6 || total
-------------------------+-------+-------++-------
Melee: Dagger            |   156 |   132 ||   288
       Tailslap          |     9 |    21 ||    30
       Short sword       |       |   131 ||   131
 Cast: Confuse           |       |     3 ||     3
Invok: Lesser Healing    |       |     6 ||     6
       Heal Other        |       |     1 ||     1
  Use: Potion            |     1 |     7 ||     8
 Stab: Sleeping          |     6 |     7 ||    13
       Invisible         |     3 |     4 ||     7
       Confused          |       |     3 ||     3
  Eat: Chunk             |     3 |     8 ||    11
Armor: Skin              |    41 |    75 ||   116
Dodge: Dodged            |   104 |   125 ||   229
